 Dungeon Crawl Stone Soup version 0.32-a0-900-g30fb1b0edc (webtiles) character file.

Game seed: 13245271379535452122

83 senseless the Trooper (level 4, -3/37 HPs)
             Began as a Coglin Berserker on Apr 5, 2024.
             Was a Believer of Trog.
             Succumbed to Sigmund's poison
             ... on level 2 of the Dungeon.
             The game lasted 00:04:39 (1047 turns).

senseless the Trooper (Coglin Berserker)            Turns: 1047, Time: 00:04:40

Health: -3/37      AC:  7    Str: 16 (18) XL:     4   Next: 44%
Magic:  4/4        EV:  9    Int:  3 (6)  God:    Trog [**....]
Gold:   67         SH:  0    Dex: 12 (15) Spells: 3/3 levels left

rFire   . . .        n - +4 dagger (flame) {Wira}
rCold   . . .        k - +2 dagger (flame) {Nakurtum}
rNeg    . . .        j - +0 scale mail
rPois   .            i - +0 helmet
rElec   .            (no cloak)
rCorr   .            (no gloves)
SInv    .            (no boots)
Will    .....        (amulet unavailable) Stlth
                     (ring unavailable)
HPRegen 0.26/turn    (ring unavailable)
MPRegen 0.09/turn    (no gizmo)

%: no passive effects
@: lethally poisoned (-3 -> -41), revved
A: off-hand wielding, slow wielding, warmup strikes, no jewellery
a: Invent Gizmo, Renounce Religion, Berserk, Trog's Hand


You were on level 2 of the Dungeon.
You worshipped Trog.
Trog was pleased with you.
You visited 1 branch of the dungeon, and saw 2 of its levels.

You collected 67 gold pieces.

Inventory:

Hand Weapons
 a - a +0 falchion {Bastian}
 k - a +2 dagger of flaming (offhand) {Nakurtum}
 n - a +4 dagger of flaming (weapon) {Wira}
Armour
 b - a +0 animal skin
 i - a +0 helmet (worn)
 j - a +0 scale mail (worn)
Scrolls
 e - a scroll of teleportation {unknown}
 g - 2 scrolls of brand weapon {unknown}
 h - a scroll of revelation {unknown}
 l - a scroll of fear {unknown}
 m - a scroll of summoning {unknown}
 o - a scroll of identify {unknown}
Potions
 c - a potion of lignification {unknown}
 d - a potion of degeneration
 f - 2 potions of haste {unknown}


   Skills:
 + Level 3.8 Fighting
 + Level 3.8 Long Blades
 - Level 1.7 Armour
 + Level 2.7 Dodging


You had 3 spell levels left.
You didn't know any spells.
Your spell library was empty.

Dungeon Overview and Level Annotations

Branches:
Dungeon (2/15)

Altars:
Xom

Annotations:
D:2 Sigmund


Innate Abilities, Weirdness & Mutations

You can wield a second weapon in your off-hand.
It takes a long time for you to wield or remove held weapons.
Your first few attacks do less damage.
You cannot equip rings or amulets.


Message History

You hit the giant cockroach with your +4 dagger of flaming.
You burn the giant cockroach.
You kill the giant cockroach!
Trog accepts your kill. The endoplasm barely misses you.
You hit the endoplasm with your +4 dagger of flaming.
You burn the endoplasm.
The endoplasm is almost dead.
You hit the endoplasm with your +2 dagger of flaming.
You burn the endoplasm.
You kill the endoplasm!
Trog accepts your kill. Something hits you but does no damage.
You are poisoned.
You feel very sick.
Things that are here:
a giant cockroach corpse; a rat corpse; a rat corpse You feel sick.
Something hits you.
You are more poisoned.
You hit something with your +4 dagger of flaming.
You burn something. You hit something but do no damage.
You feel very sick.
You hit something but do no damage.
You hit something with your +4 dagger of flaming.
You burn something.
You feel very sick. Something hits you.
You are lethally poisoned!
You puncture something with your +4 dagger of flaming!
You burn something.
You hit something with your +2 dagger of flaming.
You burn something.
You feel very sick. Something hits you!
* * * LOW HITPOINT WARNING * * *
You are more poisoned.
It was a potion of degeneration.
There was something very wrong with that liquid.
You feel weakened.
You feel dopey.
You feel clumsy.
You die...

#..#
#>.#..........
##.#
...##..........
#.## .##
###########
#..##.#
######.#..####
##...$..#...!.##
#..............#
....[.....>.....
.......†@>......
................
................
................
................
#...........[..#
##.....##.....##
###### ######


There were no monsters in sight!

Vanquished Creatures
  An orc wizard (D:2)
  An adder (D:2)
  A dart slug (D:1)
  4 orcs (D:2)
  5 ball pythons
  6 bats
  5 endoplasms
  A giant cockroach (D:2)
  2 goblins
  A hobgoblin (D:1)
  5 kobolds
  4 quokkas
  4 frilled lizards
  7 rats
47 creatures vanquished.

Notes
Turn   | Place    | Note
-------+----------+-------------------------------------------
     0 | D:1      | senseless the Coglin Berserker began the quest for the Orb.
     0 | D:1      | Reached XP level 1. HP: 18/18 MP: 1/1
    32 | D:1      | Reached XP level 2. HP: 15/24 MP: 2/2
   449 | D:1      | Reached XP level 3. HP: 29/29 MP: 3/3
   462 | D:1      | Reached ** piety under Trog
   676 | D:2      | Reached XP level 4. HP: 36/37 MP: 4/4
   850 | D:2      | Found a shimmering altar of Xom.
  1036 | D:2      | Noticed Sigmund
  1047 | D:2      | Succumbed to Sigmund's poison

Illustrated notes

Levels and vault maps discovered:
D:1:      mushboom_english_gardens, layout_rooms
D:2:      layout_rooms, basic_altar, uniq_sigmund

Skill      XL: |  1 |
---------------+----+-----
Dodging        | 2 |  2.7
Fighting       | |  3.8
Long Blades    | |  3.8
Armour         | |  1.7

Action                     |  1- 3 |  4- 6 || total
---------------------------+-------+-------++-------
  Melee: Falchion          |    55 |    13 ||    68
         Dagger            |    50 |    26 ||    76
 Invoke: Berserk           |     1 |       ||     1
    Use: Potion            |       |     1 ||     1
   Stab: Sleeping          |     2 |       ||     2
 Armour: Animal skin       |    38 |     2 ||    40
         Scale mail        |       |     9 ||     9
  Dodge: Dodged            |    49 |    10 ||    59

Table legend: (Time is in decaauts)
 A = Elapsed time spent in this place.
 B = Non-inter-level travel time spent in this place.
 C = Inter-level travel time spent in this place.
 D = Time resting spent in this place.
 E = Time spent auto-exploring this place.
 F = Levels seen in this place.
 G = Mean time per level.
                   A        B        C        D        E       F      G
               +--------+--------+--------+--------+--------+-----+--------+
         Total |   1056 |    985 |     71 |     53 |    644 |   2 |  528.0 |
       Dungeon |   1056 |    985 |     71 |     53 |    644 |   2 |  528.0 |
               +--------+--------+--------+--------+--------+-----+--------+

Top non-repeatable levels by time:
     D:1: 623 daAuts
     D:2: 432 daAuts
